 Dungeon Crawl Stone Soup version 0.28-a0-732-g75e6d9beac (webtiles) character file.

Game seed: 1500413884726335275

10253 Johnny the Carver (level 11, -6/138 HPs)
             Began as a Human Berserker on Oct 28, 2021.
             Was an Elder of Trog.
             Mangled by a centaur warrior (13 damage)
             ... on level 10 of the Dungeon.
             The game lasted 00:09:21 (11505 turns).

Johnny the Carver (Human Berserker)                Turns: 11505, Time: 00:09:21

Health: -6/138     AC:  0    Str: 21    XL:     11   Next: 89%
Magic:  20/20      EV: 16    Int:  7    God:    Trog [****..]
Gold:   329        SH:  0    Dex: 13    Spells: 10/10 levels left

rFire   + . .      SeeInvis .   H - +4 scimitar (freeze)
rCold   . . .      Faith    .   (no shield)
rNeg    + . .      Spirit   .   t - +1 leather armour {rF+}
rPois   +          Reflect  .   x - +2 helmet
rElec   .          Harm     .   (no cloak)
rCorr   .          Rampage  .   (no gloves)
Will    .....                   (no boots)
Stlth   ..........              (no amulet)
HPRegen 0.33/turn               k - +4 ring of evasion
MPRegen 0.17/turn               z - ring of the Gloaming {rPois rN+ MP+9}

@: berserking (expiring), corroded, very quick
A: no striking features
a: Renounce Religion, Berserk, Trog's Hand, Brothers in Arms


You were on level 10 of the Dungeon.
You worshipped Trog.
Trog was greatly pleased with you.
You visited 1 branch of the dungeon, and saw 10 of its levels.

You collected 497 gold pieces.
You spent 168 gold pieces at shops.

Inventory:

Hand Weapons
 a - a +4 scimitar
 H - a +4 scimitar of freezing (weapon)
 K - a +0 great sword
Armour
 t - a +1 leather armour of fire resistance (worn)
 x - a +2 helmet (worn)
Jewellery
 b - a ring of magical power
 k - a +4 ring of evasion (left hand)
 q - a +6 ring of intelligence
 w - a ring of willpower
 z - the ring of the Gloaming (right hand) {rPois rN+ MP+9}
   (You found it on level 6 of the Dungeon)

   [ring of positive energy]

   rPois:     It protects you from poison.
   rN:        It protects you from negative energy.
   MP:        It affects your magic capacity (+9).
 D - a ring of ice
Wands
 h - a wand of charming (5)
 m - a wand of mindburst (13)
 A - a wand of flame (14)
 J - a wand of digging (1)
Scrolls
 c - a scroll of enchant armour {unknown}
 f - a scroll of teleportation
 i - 2 scrolls of torment
 o - a scroll of amnesia
 p - a scroll of holy word
 r - a scroll of silence
 s - a scroll of immolation
 u - a scroll of blinking
 y - a scroll of noise {unknown}
 B - a scroll of magic mapping {unknown}
 E - a scroll of fog {unknown}
Potions
 d - 7 potions of curing
 e - a potion of cancellation {unknown}
 g - 2 potions of flight {unknown}
 j - 4 potions of haste {unknown}
 l - 2 potions of brilliance {unknown}
 n - 3 potions of ambrosia {unknown}
 v - 3 potions of heal wounds {unknown}
 C - 3 potions of degeneration {unknown}
 F - 2 potions of mutation {unknown}
 G - a potion of resistance {unknown}
 I - 3 potions of magic {unknown}


   Skills:
 + Level 10.9 Fighting
 * Level 14.8 Long Blades
 - Level 2.0 Armour
 - Level 2.0 Dodging


You had 10 spell levels left.
You didn't know any spells.
Your spell library was empty.

Dungeon Overview and Level Annotations

Branches:
Dungeon (10/15)            Temple (0/1) D:6            Lair (0/6) D:8
    Orc: D:9-12

Altars:
Gozag
Hepliaklqana
Nemelex Xobeh
Qazlal
Uskayaw
Zin

Shops:
D:9 [

Annotations:
D:10 exclusion: orange crystal statue


Message History

The acid dragon completely misses you.
You barely miss the acid dragon. The acid dragon closely misses you. x2
A red film seems to cover your vision as you go berserk!
You feel yourself moving faster!
You feel mighty!
The centaur warrior shoots an arrow.
The arrow hits you! The acid dragon bites you!
The acid dragon closely misses you.
You completely miss the acid dragon.
The centaur warrior shoots an arrow.
The arrow barely misses you.
You slice the acid dragon!! You freeze the acid dragon!
The acid dragon is almost dead.
The acid dragon bites you but does no damage.
The acid dragon closely misses you.
The centaur warrior shoots an arrow.
The arrow closely misses you.
The centaur warrior shoots an arrow.
The arrow hits you!!
There is an open door, spattered with blood here.
Items here: ÷÷÷÷÷.
You feel a strong urge to attack something.
The centaur warrior unwields a +0 shortbow.
The centaur warrior wields a +0 war axe.
The centaur warrior hits you with a +0 war axe!
The centaur warrior kicks you but does no damage.
You are too injured to fight recklessly!
You barely miss the centaur warrior. The acid dragon spits acid at you.
The splash of acid hits you! The acid corrodes you!
You slash the centaur warrior! You freeze the centaur warrior.
The centaur warrior is moderately wounded.
The centaur warrior hits you with a +0 war axe!
The centaur warrior kicks you.
* * * LOW HITPOINT WARNING * * *
You barely miss the centaur warrior.
The centaur warrior is lightly wounded.
The acid dragon spits acid at you. The splash of acid hits you!!
* * * LOW HITPOINT WARNING * * *
The acid corrodes you!
You slice the centaur warrior!! You freeze the centaur warrior.
The centaur warrior is heavily wounded.
The centaur warrior hits you with a +0 war axe!
You die...

#.....##..##.# #..
#..###..#..##.# #..
#.##.##....##.# #..
#.#.(.#....##.# #.. .
#.##....##.# #.. .
#'#####..#.####.
#####D# ##.#......
##...÷#'$...#.†......
#./..@##)[..#........
#/...c###..##.#..(...
#?.)..'.####..#......
##...##..Y...........
#####...#Y.........)
....#Y.#............
........#...#........
......Y.#YY.#........
........#...#........


You could see a centaur warrior and an acid dragon.

Vanquished Creatures
  4 two-headed ogres
  7 centaur zombies
  Joseph (D:9)
  A komodo dragon (D:10)
  2 wyverns
  13 yaks
  An acid dragon (D:8)
  3 water moccasins
  A hornet zombie (D:6)
  2 ice beasts
  2 orc warriors
  A necrophage (D:5)
  A black bear (D:8)
  An ogre (D:4)
  2 centaurs
  A phantom (D:6)
  2 kobold brigands
  Blork the orc (D:5)
  5 bullfrogs
  2 gnoll sergeants
  2 scorpions
  A wyvern zombie (D:7)
  A water moccasin zombie (D:6)
  A killer bee (D:10)
  A howler monkey (D:8)
  7 wights (D:8)
  A hound (D:4)
  3 jellies
  4 orc priests
  2 centaur skeletons
  4 iguanas
  3 orc wizards
  3 howler monkey zombies
  10 gnolls
  A howler monkey skeleton (D:5)
  9 adders
  2 shadow imps
  A white imp (D:6)
  An adder skeleton (D:4)
  4 worms
  3 dart slugs
  32 orcs
  3 bats
  6 endoplasms
  A giant cockroach (D:2)
  6 goblins
  2 hobgoblins (D:1)
  5 jackals
  3 quokkas
  9 ball pythons
  4 frilled lizards
  12 kobolds
  5 rats
205 creatures vanquished.

Vanquished Creatures (collateral kills)
  2 centaur zombies (D:10)
  An orc warrior (D:9)
  A centaur (D:10)
  A wight (D:10)
  An orc priest (D:9)
  3 gnolls (D:10)
  3 orcs (D:9)
12 creatures vanquished.

Vanquished Creatures (others)
  A killer bee (D:10)
  38 fungi (D:8)
  62 plants (D:8)
101 creatures vanquished.

Grand Total: 318 creatures vanquished

Notes
Turn   | Place    | Note
-------+----------+-------------------------------------------
     0 | D:1      | Johnny the Human Berserker began the quest for the Orb.
     0 | D:1      | Reached XP level 1. HP: 18/18 MP: 1/1
   268 | D:1      | Reached XP level 2. HP: 24/24 MP: 2/2
   536 | D:1      | Reached XP level 3. HP: 25/29 MP: 3/3
   602 | D:1      | Reached ** piety under Trog
  1103 | D:2      | Reached skill level 4 in Long Blades
  1323 | D:2      | Reached XP level 4. HP: 25/35 MP: 4/4
  1507 | D:2      | Found a faded altar of an unknown god.
  1654 | D:2      | You fall into a shaft and drop 2 floors!
  1839 | D:3      | Noticed a centaur
  1841 | D:3      | Killed a centaur
  1842 | D:3      | Reached skill level 5 in Long Blades
  1842 | D:3      | Reached XP level 5. HP: 31/42 MP: 5/5
  2606 | D:3      | Found a hazy altar of Hepliaklqana.
  2621 | D:3      | Reached XP level 6. HP: 48/48 MP: 6/6
  3184 | D:4      | Found a sparkling altar of Nemelex Xobeh.
  3789 | D:4      | Noticed an ogre
  3795 | D:4      | Killed an ogre
  3796 | D:4      | Reached skill level 6 in Long Blades
  3796 | D:4      | Reached XP level 7. HP: 55/55 MP: 7/7
  3934 | D:4      | Reached skill level 5 in Fighting
  4333 | D:5      | Entered Level 5 of the Dungeon
  4726 | D:5      | Noticed Blork the orc
  4746 | D:5      | Killed Blork the orc
  4747 | D:5      | Reached skill level 7 in Long Blades
  4763 | D:5      | Reached skill level 8 in Long Blades
  4763 | D:5      | Reached XP level 8. HP: 36/64 MP: 8/8
  5181 | D:5      | Reached *** piety under Trog
  5804 | D:6      | Identified the ring of the Gloaming {rPois rN+ MP+9}
  5856 | D:6      | Found a stormy altar of Qazlal.
  6353 | D:6      | Reached skill level 9 in Long Blades
  6353 | D:6      | Reached XP level 9. HP: 71/71 MP: 9/9
  6539 | D:6      | Found a staircase to the Ecumenical Temple.
  7583 | D:7      | Reached skill level 10 in Long Blades
  7741 | D:7      | Reached skill level 11 in Long Blades
  7921 | D:7      | Reached XP level 10. HP: 80/80 MP: 10/10
  8420 | D:8      | Noticed a two-headed ogre
  8422 | D:8      | Noticed a two-headed ogre
  8455 | D:8      | Killed a two-headed ogre
  8456 | D:8      | Reached skill level 12 in Long Blades
  8903 | D:8      | Reached **** piety under Trog
  9274 | D:8      | Found a staircase to the Lair.
  9302 | D:8      | Killed a two-headed ogre
  9304 | D:8      | Reached skill level 13 in Long Blades
  9491 | D:9      | Reached XP level 11. HP: 89/89 MP: 11/11
  9960 | D:9      | Noticed a two-headed ogre
  9961 | D:9      | Found Ynlast Erian's Armour Shop.
  9967 | D:9      | Killed a two-headed ogre
  9968 | D:9      | Reached skill level 10 in Fighting
 10119 | D:9      | Bought a +1 leather armour of fire resistance for 168 gold
                  | pieces
 10146 | D:9      | Noticed Joseph
 10153 | D:9      | Killed Joseph
 10282 | D:9      | Found an opulent altar of Gozag.
 10307 | D:9      | Found a glowing silver altar of Zin.
 10344 | D:10     | Entered Level 10 of the Dungeon
 10378 | D:10     | Noticed a centaur warrior
 10914 | D:10     | Found a hide-covered altar of Uskayaw.
 10961 | D:10     | Reached skill level 14 in Long Blades
 10964 | D:10     | Noticed an orange crystal statue
 10964 | D:10     | Noticed a two-headed ogre
 11003 | D:10     | Killed a two-headed ogre
 11128 | D:10     | Noticed a two-headed ogre
 11504 | D:10     | HP: 6/138 [acid dragon/splash of acid (35)]
 11505 | D:10     | Mangled by a centaur warrior

Illustrated notes

Levels and vault maps discovered:
D:1:      kennysheep_arrival_seaside, layout_rooms
D:2:      layout_loops_cross, dreamdust_ecumenical_altar_statues,
          minmay_misc_feat_x, st_stairs_8, amcnicky_mini_pool_small,
          minmay_tromino_i4
D:3:      layout_basic, mainiacjoe_overflow_alcove_4, fountainhead, st_stairs_5
D:4:      layout_rooms, lemuel_crystal_altar, kennysheep_boxes
D:5:      layout_basic, uniq_blork_the_orc
D:6:      layout_basic, mainiacjoe_overflow_paths, minmay_temple_entry_slanted
D:7:      layout_basic
D:8:      layout_basic, due_lair_maze_entry_diamond
D:9:      layout_rooms, pdpol_temple_overflow_zin_treasury_gozag_greed,
          serial_shops, shop, uniq_joseph
D:10:     layout_long_grid, mainiacjoe_overflow_brackets, minivault_16,
          minmay_joined_circles

Skill      XL: |  1  2  3  4  5  6  7  8  9 10 11 |
---------------+----------------------------------+-----
Long Blades    | 4 5 6 8 9 11 13 14 | 14.8
Fighting       | 4 6 8 9 10 | 10.9
Armour         | |  2.0
Dodging        | |  2.0

Action                   |  1- 3 |  4- 6 |  7- 9 | 10-12 || total
-------------------------+-------+-------+-------+-------++-------
Melee: Falchion          |    95 |   157 |   318 |    17 ||   587
       Scimitar          |       |       |       |   199 ||   199
Invok: Berserk           |     1 |     5 |     7 |    13 ||    26
       Trog's Hand       |       |     1 |       |     8 ||     9
Evoke: Wand              |       |     1 |       |    19 ||    20
  Use: Scroll            |       |       |       |    12 ||    12
Armor: Chain mail        |    37 |   100 |   149 |    52 ||   338
       Leather armour    |       |       |       |    46 ||    46
Dodge: Dodged            |    31 |    86 |   101 |   128 ||   346

Table legend: (Time is in decaauts)
 A = Elapsed time spent in this place.
 B = Non-inter-level travel time spent in this place.
 C = Inter-level travel time spent in this place.
 D = Time resting spent in this place.
 E = Time spent auto-exploring this place.
 F = Levels seen in this place.
 G = Mean time per level.
                   A        B        C        D        E       F      G
               +--------+--------+--------+--------+--------+-----+--------+
         Total |  11645 |  11290 |    355 |   2731 |   6999 |  10 | 1164.5 |
       Dungeon |  11645 |  11290 |    355 |   2731 |   6999 |  10 | 1164.5 |
               +--------+--------+--------+--------+--------+-----+--------+

Top non-repeatable levels by time:
     D:6: 1762 daAuts
     D:8: 1515 daAuts
     D:5: 1471 daAuts
     D:4: 1422 daAuts
     D:2: 1127 daAuts
     D:9: 1120 daAuts
     D:1: 951 daAuts
     D:3: 898 daAuts
    D:10: 698 daAuts
     D:7: 678 daAuts
